 Dungeon Crawl Stone Soup version 0.27.1-2-g3b301248ec (webtiles) character file.

Game seed: 8949053133478171561

284 CuBeRJAN3 the Magician (level 6, 0/34 HPs)
             Began as a Deep Elf Fire Elementalist on Oct 4, 2021.
             Slain by Duvessa (8 damage)
             ... on level 4 of the Dungeon.
             The game lasted 00:20:35 (5262 turns).

CuBeRJAN3 the Magician (Deep Elf Fire Elementalist) Turns: 5262, Time: 00:20:36

Health: 0/34       AC:  6    Str:  5    XL:     6   Next: 7%
Magic:  6/15       EV: 13    Int: 22    God:
Gold:   184        SH:  0    Dex: 15    Spells: 2/15 levels left

rFire    . . .     SeeInvis .   m - +0 short sword (elec)
rCold    . . .     Faith    .   (no shield)
rNeg     . . .     Spirit   .   i - +1 animal skin
rPois    .         Reflect  .   l - +1 helmet
rElec    .         Harm     .   s - +0 cloak {Will+}
rCorr    .         Rampage  .   (no gloves)
Will     +....                  (no boots)
Stlth    +++.......             (no amulet)
HPRegen  0.11/turn              (no ring)
MPRegen  0.14/turn              (no ring)

@: no status effects
A: no striking features
a: no special abilities


You were on level 4 of the Dungeon.
You visited 1 branch of the dungeon, and saw 4 of its levels.

You collected 184 gold pieces.

Inventory:

Hand Weapons
 f - a +0 dagger
 m - a +0 short sword of electrocution (weapon)
 r - a +2 quarterstaff of chaos
Armour
 a - a +0 robe
 i - a +1 animal skin (worn)
 j - a +0 helmet
 l - a +1 helmet (worn)
 s - a +0 cloak of willpower (worn)
Jewellery
 v - an amulet of guardian spirit
Wands
 k - a wand of mindburst (9)
 o - a wand of polymorph (6)
 p - a wand of paralysis (12)
Scrolls
 e - a scroll of enchant weapon {unknown}
 h - a scroll of silence {unknown}
 t - a scroll of fog {unknown}
 w - a scroll of amnesia {unknown}
Potions
 b - a potion of degeneration {unknown}
 c - 2 potions of lignification {unknown}
 d - a potion of haste
 g - a potion of might {unknown}
 n - a potion of invisibility {unknown}
 q - a potion of flight {unknown}
 u - a potion of attraction {unknown}


   Skills:
 + Level 1.4 Fighting
 + Level 3.7 Dodging
 + Level 3.7 Stealth
 * Level 5.1 Spellcasting
 + Level 2.7 Conjurations
 + Level 4.1 Fire Magic


You had 2 spell levels left.
You knew the following spells:

 Your Spells              Type           Power      Damage    Failure   Level
a - Foxfire               Conj/Fire      80%        2x1d8     2%          1
b - Conjure Flame         Conj/Fire      20%        6-21      8%          3
c - Sticky Flame          Conj/Fire      20%        2d4       24%         4
d - Fireball              Conj/Fire      10%        3d6       56%         5

Your spell library contained the following spells:

 Spells                   Type           Power      Damage    Failure   Level
 Inner Flame              Hex/Fire       14%        N/A       13%         3


Dungeon Overview and Level Annotations

Branches:
Dungeon (4/15)
 Temple: D:4-7

Altars:
Cheibriados
Makhleb
Ru
Uskayaw

Annotations:
D:1 Terence
D:4 Dowan, Duvessa


Message History

You conjure some foxfire!
Duvessa hits you with a +0 short sword.
The foxfire hits Duvessa.
Duvessa is almost dead.
The foxfire hits Duvessa.
Duvessa is almost dead.
Casting: Foxfire (safe; 2% risk of failure)
Press: ? - help, Q - select action, (/) - cycle Dir - look around, f - activate You conjure some foxfire!
Duvessa hits you with a +0 short sword!
The foxfire hits Duvessa but does no damage.
Duvessa is almost dead.
The foxfire hits Duvessa but does no damage.
Duvessa is almost dead.
Dowan casts a spell at you. You resist with almost no effort.
Dowan mumbles some strange words.
Dowan blinks!
Dowan gestures at Duvessa while chanting.
Duvessa seems to speed up.
Duvessa barely misses you.
Duvessa says, "I don't care about looks, I care about technique!"
Duvessa hits you with a +0 short sword.
* * * LOW HITPOINT WARNING * * *
Duvessa says, "My weaknesses are his strengths!"
Duvessa closely misses you.
Casting: Foxfire (safe; 2% risk of failure)
Press: ? - help, Q - select action, (/) - cycle Dir - look around, f - activate You conjure some foxfire!
Duvessa closely misses you. Duvessa hits you with a +0 short sword.
* * * LOW HITPOINT WARNING * * *
The foxfire hits Duvessa but does no damage.
Duvessa is almost dead.
Duvessa says, "Where magic fails, the sword succeeds!"
Duvessa barely misses you. Duvessa hits you but does no damage.
There is a stone staircase leading down here.
Duvessa closely misses you. Duvessa hits you with a +0 short sword!
You die...

### ...# #.#.# ###### ... ###
#...##.#..# .... ##.. #.....#..>#
... ## ##... #....#.### ..
##..##.... . #...#..e.# .#
......... . ##.....e###.#
#........ .## ###.#..@#..#
#........ ..# ###.......##
#..##.... #.#### #..........###
##..###..
.....#####....####....###...#....
.............## ###.............
............## ###...........
.........)..# ##....######
............# ##.....## #
............# #.......#


You could see Duvessa (fast) and Dowan.

Vanquished Creatures
  Crazy Yiuf (D:3)
  Jessica (D:1)
  Natasha (thrice) (D:3)
  Robin (D:1)
  3 gnolls
  2 adders
  An adder skeleton (D:4)
  A dart slug (D:2)
  5 orcs (D:3)
  7 endoplasms
  2 giant cockroaches (D:2)
  8 goblins
  14 hobgoblins
  8 jackals
  4 kobolds
  2 quokkas (D:2)
  6 ball pythons
  7 bats
  5 frilled lizards
  3 rats
84 creatures vanquished.

Vanquished Creatures (collateral kills)
  A foxfire (D:1)
1 creature vanquished.

Vanquished Creatures (others)
  314 foxfires
  7 plants
321 creatures vanquished.

Grand Total: 406 creatures vanquished

Notes
Turn   | Place    | Note
-------+----------+-------------------------------------------
     0 | D:1      | CuBeRJAN3 the Deep Elf Fire Elementalist began the quest
                  | for the Orb.
     0 | D:1      | Reached XP level 1. HP: 10/10 MP: 6/6
   207 | D:1      | Found a faded altar of an unknown god.
   342 | D:1      | Reached XP level 2. HP: 6/15 MP: 5/8
  1185 | D:2      | Noticed Jessica
  1200 | D:1      | Killed Jessica
  1201 | D:1      | Reached skill level 4 in Spellcasting
  1201 | D:1      | Reached XP level 3. HP: 5/20 MP: 3/10
  1418 | D:2      | Learned a level 3 spell: Conjure Flame
  1574 | D:2      | Found a burning altar of Makhleb.
  1851 | D:2      | Noticed Robin
  1852 | D:2      | Reached XP level 4. HP: 24/24 MP: 9/12
  2043 | D:1      | Killed Robin
  2308 | D:1      | Reached skill level 1 in Fighting
  2333 | D:2      | Learned a level 4 spell: Sticky Flame
  2752 | D:3      | Found a snail-covered altar of Cheibriados.
  2991 | D:3      | Noticed Terence
  3013 | D:2      | HP: 1/25 [Terence (4)]
  3710 | D:3      | Reached XP level 5. HP: 29/29 MP: 9/13
  4298 | D:3      | Noticed Natasha
  4306 | D:3      | Killed Natasha
  4355 | D:3      | Learned a level 5 spell: Fireball
  4450 | D:3      | Noticed Natasha
  4527 | D:3      | Killed Natasha
  4661 | D:3      | Noticed Natasha
  4665 | D:3      | Killed Natasha
  4666 | D:3      | Reached skill level 5 in Spellcasting
  4718 | D:3      | Found a sacrificial altar of Ru.
  4825 | D:3      | Found a runed translucent door.
  4826 | D:3      | Noticed Crazy Yiuf
  4848 | D:3      | Killed Crazy Yiuf
  4849 | D:3      | Reached XP level 6. HP: 34/34 MP: 3/15
  5196 | D:4      | Found a hide-covered altar of Uskayaw.
  5214 | D:4      | Noticed Duvessa
  5220 | D:4      | Noticed Dowan
  5262 | D:4      | Slain by Duvessa

Illustrated notes

Levels and vault maps discovered:
D:1:      scummos_arrival_simple_fountains, layout_basic, serial_forest,
          infiniplex_forest_clump_C, infiniplex_forest_end_2,
          infiniplex_forest_zigzag_2, infiniplex_forest_split,
          infiniplex_forest_straight_3, infiniplex_forest_end_2,
          hellmonk_ecumenical_altar_run_dry
D:2:      layout_loops_cross, basic_altar, uniq_jessica, uniq_robin
D:3:      layout_rooms, cheibriados_altar_1, nicolae_ru_the_path_less_chosen,
          serial_forest, infiniplex_forest_lined_2, infiniplex_forest_fountain,
          infiniplex_forest_straight_1, infiniplex_forest_clump_double,
          infiniplex_forest_split, infiniplex_forest_straight_4,
          kennysheep_decorative_pillar, uniq_terence, uniq_natasha,
          uniq_crazy_yiuf_cottage
D:4:      minmay_skewed_foursquare, layout_layer_cave,
          nicolae_uskayaw_murder_on_the_dancefloor, temple_fountains,
          corner_web_ring, uniq_duvessa

Skill      XL: |  1  2  3  4  5 |
---------------+----------------+-----
Spellcasting   | 4 5 |  5.1
Dodging        | 3 |  3.7
Stealth        | 3 |  3.7
Conjurations   | 2 |  2.7
Fighting       | 1 |  1.4
Fire Magic     | 4 |  4.1

Action                   |  1- 3 |  4- 6 || total
-------------------------+-------+-------++-------
Melee: Unarmed           |     4 |       ||     4
       Dagger            |    21 |    21 ||    42
       Short sword       |       |     4 ||     4
 Cast: Foxfire           |    60 |   147 ||   207
       Conjure Flame     |       |     2 ||     2
  Use: Potion            |     2 |       ||     2
       Scroll            |     1 |       ||     1
Armor: Robe              |     7 |     2 ||     9
       Animal skin       |       |    34 ||    34
Dodge: Dodged            |    31 |    86 ||   117
